 Dungeon Crawl Stone Soup version 0.31-a0-188-g5e087ee2ca (webtiles) character file.

Game seed: 15444970641354941796

45 qw the Shooter (level 3, 0/20 HPs)
             Began as a Deep Elf Hunter on June 23, 2023.
             Slain by Terence
             ... wielding a +0 falchion
              (6 damage)
             ... on level 3 of the Dungeon.
             The game lasted 00:00:25 (1022 turns).

qw the Shooter (Deep Elf Hunter)                    Turns: 1022, Time: 00:00:25

Health: 0/20       AC:  5    Str: 10    XL:     3   Next: 42%
Magic:  5/5        EV: 11    Int: 13    God:
Gold:   96         SH:  0    Dex: 18    Spells: 2/2 levels left

rFire   . . .        Y - +0 shortbow
rCold   . . .        (shield currently unavailable)
rNeg    . . .        b - +0 ring mail
rPois   .            (no helmet)
rElec   .            (no cloak)
rCorr   .            (no gloves)
SInv    .            (no boots)
Will    .....        (no amulet)
Stlth   +            (no ring)
HPRegen 0.23/turn    (no ring)
MPRegen 0.09/turn

%: no passive effects
@: no status effects
A: no striking features
a: no special abilities


You were on level 3 of the Dungeon.
You visited 1 branch of the dungeon, and saw 3 of its levels.

You collected 96 gold pieces.


   Skills:
 - Level 1.5 Fighting
 + Level 7.0 Ranged Weapons
 - Level 2.4 Dodging
 - Level 1.2 Stealth


You had 2 spell levels left.
You didn't know any spells.
Your spell library was empty.

Inventory:

Hand Weapons
 Y - a +0 shortbow (weapon)
Armour
 b - a +0 ring mail (worn)
Potions
 a - a potion of invisibility {unknown}
 d - a potion of brilliance {unknown}
 e - a potion of lignification {unknown}
 h - a potion of enlightenment {unknown}
 i - a potion of ambrosia {unknown}

Dungeon Overview and Level Annotations

Branches:
Dungeon (3/15)

Altars:
Sif Muna

Annotations:
D:3 Terence


Message History

You shoot an arrow. The arrow hits the adder.
The adder is almost dead.
The adder closely misses you.
The ball python bites you but does no damage.
The ball python misses you. The adder bites you. Terence closely misses you.
The ball python closely misses you. x2
You shoot an arrow. The arrow hits the adder.
You kill the adder!
The ball python bites you. The ball python grabs you.
The ball python constricts you. The goblin barely misses you.
Terence completely misses you.
Your Ranged Weapons skill increases to level 7!
You shoot an arrow.
The arrow hits the ball python but does no damage.
The ball python closely misses you. The ball python constricts you.
The goblin hits you with a +0 dagger. Terence barely misses you.
The ball python barely misses you. The ball python constricts you.
1018 ||| DRINKING potion of heal wounds.
You feel much better. The goblin hits you but does no damage.
Terence hits you with a +0 falchion. The ball python barely misses you.
The ball python constricts you.
You shoot an arrow. The arrow hits the ball python!
You kill the ball python!
The goblin hits you but does no damage. Terence misses you.
The goblin barely misses you. Terence hits you with a +0 falchion.
The orc barely misses you.
You shoot an arrow. The arrow hits Terence.
Terence is lightly wounded.
The goblin barely misses you. The orc hits you with a +0 flail!
Terence misses you.
You shoot an arrow. The arrow hits Terence.
Terence is lightly wounded.
The goblin barely misses you. Terence barely misses you.
The orc hits you with a +0 flail.
You shoot an arrow.
The arrow hits Terence but does no damage.
Terence is lightly wounded.
The goblin hits you but does no damage. The orc completely misses you.
Terence hits you with a +0 falchion.
You die...

..... .... #..#(#
#.#.# # #.#...
.... ..
#.#.#.#.#.#.#.#.
##.#.##.........
..#.##.#.#.#.#.#
#.#.###..g......
##.#.....@@......
#
#....##...o.####.
##.##....##.#.###
..........#.###
.#.##.##..#..
..........###
.##...#.#####
#...<.....#
#...#.###.#


You could see Terence, an orc and a goblin.

Vanquished Creatures
  2 adders
  2 dart slugs
  2 endoplasms (D:1)
  A giant cockroach (D:2)
  A hobgoblin (D:2)
  3 ball pythons
  5 bats
  2 frilled lizards (D:1)
  A goblin (D:2)
  2 kobolds
  8 rats
29 creatures vanquished.

Notes
Turn   | Place    | Note
-------+----------+-------------------------------------------
     0 | D:1      | qw the Deep Elf Hunter began the quest for the Orb.
     0 | D:1      | Reached XP level 1. HP: 12/12 MP: 3/3
     0 | D:1      | 0 ||| qw: Version: 0.3-a-9-g12657ce
     0 | D:1      | 0 ||| qw: Game counter: 4344
     0 | D:1      | 0 ||| qw: Always use a shield: true
     0 | D:1      | 0 ||| qw: God list: Okawaru
     0 | D:1      | 0 ||| qw: Allow faded altars: false
     0 | D:1      | 0 ||| qw: Do Orc after D:15 true
     0 | D:1      | 0 ||| qw: Do second Lair branch before Depths: true
     0 | D:1      | 0 ||| qw: Lair rune preference: random
     0 | D:1      | 0 ||| qw: Plans: Normal
     0 | D:1      | 0 ||| PLANNING D:1-11
   185 | D:1      | Reached skill level 6 in Ranged Weapons
   185 | D:1      | Reached XP level 2. HP: 16/16 MP: 4/4
   472 | D:1      | 472 ||| READING scroll labelled CUBBUYCEGU.
   473 | D:1      | 473 ||| READING scroll labelled JEXTUE NAES.
   478 | D:1      | 478 ||| DROPPING scroll of butterflies.
   574 | D:2      | Found a shimmering blue altar of Sif Muna.
   860 | D:2      | HP: 4/16 [poisoned by an adder]
   861 | D:2      | Reached XP level 3. HP: 6/20 MP: 5/5
   949 | D:2      | 949 ||| UPGRADING to +0 ring mail.
   959 | D:2      | 959 ||| DROPPING +0 leather armour.
   960 | D:2      | 960 ||| READING scroll labelled YMOZISHR FOCUSH.
   961 | D:2      | 961 ||| READING scroll labelled KALOLO ZE NUCI.
   962 | D:2      | 962 ||| READING scroll labelled RAOXOG COLYOGI.
   963 | D:2      | 963 ||| DRINKING 2 sapphire potions.
  1007 | D:3      | Noticed Terence
  1017 | D:3      | Reached skill level 7 in Ranged Weapons
  1017 | D:3      | HP: 5/20 [goblin/+0 dagger (1)]
  1018 | D:3      | 1018 ||| DRINKING potion of heal wounds.
  1022 | D:3      | Slain by Terence

Levels and vault maps discovered:
D:1:      dpeg_arrival_yet_another_circle, layout_basic
D:2:      layout_rooms, basic_altar
D:3:      layout_basic, solitary_fountain, hex_large, minivault_25,
          minmay_checkerbox, uniq_robin, uniq_terence, uniq_sigmund

Skill      XL: |  1  2  3 |
---------------+----------+-----
Ranged Weapons | 6 7 |  7.0
Fighting       | |  1.5
Dodging        | |  2.4
Stealth        | |  1.2

Action                     || total
---------------------------++-------
   Fire: Shortbow          ||    78
    Use: Scroll            ||     5
         Potion            ||     2
 Armour: Leather armour    ||     4
         Ring mail         ||     5
  Dodge: Dodged            ||    37

Table legend:
 A = Non-vault XP
 B = Vault XP
 C = Vault XP percentage of total XP
 D = Non-vault monster count
 E = Vault monster count
 F = Vault count percentage of total count
                 A         B        C        D         E       F
            +---------+---------+-------+---------+---------+-------
      Total |      65 |       0 |   0.0 |      29 |       0 |   0.0
            +---------+---------+-------+---------+---------+-------
        D:1 |      17 |       0 |   0.0 |      15 |       0 |   0.0
        D:2 |      29 |       0 |   0.0 |      11 |       0 |   0.0
        D:3 |      19 |       0 |   0.0 |       3 |       0 |   0.0
            +---------+---------+-------+---------+---------+-------
